 Dungeon Crawl Stone Soup version 0.30-a0-840-ga523dec638 (webtiles) character file.

Game seed: 4079109825146667342

1145 browni3141 the Stinger (level 8, -4/50 HPs)
             Began as a Gargoyle Venom Mage on Mar 2, 2023.
             Was an Initiate of Ashenzari.
             Slain by a vampire mosquito (9 damage)
             ... on level 6 of the Dungeon.
             The game lasted 00:12:30 (4971 turns).

browni3141 the Stinger (Gargoyle Venom Mage)        Turns: 4971, Time: 00:12:30

Health: -4/50      AC: 13    Str: 11    XL:     8   Next: 37%
Magic:  7/11       EV: 12    Int: 19    God:    Ashenzari [......]
Gold:   230        SH:  4    Dex: 16    Spells: 5/11 levels left

rFire   . . .      SeeInvis .    B - +2 dagger (venom)
rCold   . . .      Faith    .    t - +0 buckler
rNeg    + . .      Spirit   .    D - +2 robe {Will+}
rPois   ∞          Reflect  .    (no helmet)
rElec   +          Harm     .    (no cloak)
rCorr   .          Rampage  .    (no gloves)
Will    +....                    (no boots)
Stlth   ++                       (no amulet)
HPRegen 0.28/turn                h - +6 ring of dexterity
MPRegen 0.12/turn                b - +4 ring of protection

@: no status effects
A: sickness immunity, AC +5, negative energy resistance 1, electricity
resistance, torment resistance 1, petrification resistance
a: Renounce Religion


You were on level 6 of the Dungeon.
You worshipped Ashenzari.
Ashenzari was noncommittal.
You visited 2 branches of the dungeon, and saw 7 of its levels.

You collected 230 gold pieces.

Inventory:

Hand Weapons
 B - a +2 dagger of venom (weapon)
Missiles
 u - a throwing net
Armour
 a - a +0 robe
 t - a +0 buckler (worn)
 C - a +0 leather armour
 D - a +2 robe of willpower (worn)
Magical Staves
 y - a staff of death
Jewellery
 b - a +4 ring of protection (right hand)
 h - a +6 ring of dexterity (left hand)
 l - a ring of flight
Scrolls
 e - a scroll of enchant armour {unknown}
 f - a scroll of poison
 g - a scroll of noise {unknown}
 j - a scroll of immolation {unknown}
 o - a scroll of fear {unknown}
 q - a scroll of fog {unknown}
 s - a scroll of identify
 x - a scroll of teleportation {unknown}
 z - a scroll of vulnerability {unknown}
 A - a scroll of amnesia {unknown}
Potions
 c - a potion of might {unknown}
 d - 2 potions of flight {unknown}
 i - 3 potions of heal wounds {unknown}
 k - 3 potions of curing {unknown}
 m - a potion of degeneration {unknown}
 n - 2 potions of haste {unknown}
 p - a potion of attraction {unknown}
 r - a potion of cancellation {unknown}
 w - a potion of berserk rage {unknown}


   Skills:
 + Level 5.5 Fighting
 + Level 0.6 Armour
 + Level 1.8 Dodging
 + Level 2.4 Stealth
 + Level 2.2 Shields
 - Level 2.0 Spellcasting
 + Level 4.1 Conjurations
 - Level 0.7 Transmutations
 + Level 0.4 Air Magic
 - Level 7.0 Poison Magic


You had 5 spell levels left.
You knew the following spells:

 Your Spells              Type           Power      Damage    Failure   Level
a - Sting                 Tmut/Pois      64%        1d6       4%          1
b - Poisonous Vapours     Pois/Air       30%        N/A       8%          2
c - Mephitic Cloud        Conj/Pois/Air  16%        N/A       14%         3

Your spell library contained the following spells:

 Spells                   Type           Power      Damage    Failure   Level
 Olgreb's Toxic Radiance  Pois           28%        N/A       12%         4


Dungeon Overview and Level Annotations

Branches:
Dungeon (5/15)             Temple (1/1) D:4

Altars:
Ashenzari
Dithmenos
Elyvilon
Fedhas
Gozag
Hepliaklqana
Kikubaaqudgha
Makhleb
Nemelex Xobeh
Okawaru
Qazlal
Sif Muna
Trog
Uskayaw
Vehumet
Wu Jian
Xom
Zin
The Shining One

Shops:
D:1 :   D:2 !   D:3 (

Annotations:
Temple 2 transporters


Innate Abilities, Weirdness & Mutations

You are immune to sickness and miasma.
Your stone body is resilient. (AC +5)
You are immune to poison.
You resist negative energy. (rN+)
You are resistant to electric shocks. (rElec)
You are resistant to unholy torment.
You are immune to petrification.


Message History

You hit the vampire mosquito but do no damage.
The vampire mosquito is almost destroyed.
The vampire mosquito bites you but does no damage. x2
You hit the vampire mosquito.
The vampire mosquito is almost destroyed.
You block the vampire mosquito's attack.
The vampire mosquito bites you but does no damage.
You hit the vampire mosquito.
The vampire mosquito is almost destroyed.
The vampire mosquito bites you but does no damage.
You block the vampire mosquito's attack.
You miss the vampire mosquito.
The vampire mosquito is almost destroyed.
The vampire mosquito closely misses you.
The vampire mosquito bites you.
* * * LOW HITPOINT WARNING * * *
The vampire mosquito attacks as you move away!
The vampire mosquito bites you but does no damage.
The vampire mosquito bites you.
* * * LOW HITPOINT WARNING * * *
The kobold attacks as you move away! The kobold barely misses you.
The vampire mosquito bites you.
* * * LOW HITPOINT WARNING * * *
As you read the scroll of summoning, it crumbles to dust.
Wisps of shadow whirl around you...
The vampire mosquito bites you but does no damage.
The kobold hits you but does no damage.
Unknown command.
The kobold attacks as you move away! The kobold closely misses you.
The vampire mosquito bites you but does no damage.
The vampire mosquito bites you.
* * * LOW HITPOINT WARNING * * *
The vampire mosquito barely misses your hound.
You block the vampire mosquito's attack.
The kobold closely misses your hound.
Your black bear bites the vampire mosquito.
The vampire mosquito is destroyed!
Your hound barely misses the kobold.
You closely miss the vampire mosquito. The vampire mosquito bites you!
You die...

###### ###########)...
#............#
#.###.####.#@#
#.#........y.#######
#.###.#.###'###hKh......
.......†#.....#.K#######
.#.....†#.....#.y#
#.##.#.#.._..#.O# #.
#.#†#.....#..#
.#.##.#.#.....#..#
........#######..#


You could see 2 vampire mosquitoes, an ogre, 2 kobolds, a friendly black bear
(summoned) and a friendly hound (summoned).

Vanquished Creatures
  Pikel (D:4)
  2 black bears (D:6)
  An ogre (D:4)
  A lemure (D:4)
  A bullfrog (D:4)
  A scorpion (D:4)
  A hound (D:5)
  5 gnolls
  3 adders
  2 worms
  3 dart slugs
  5 orcs (D:3)
  8 endoplasms
  2 giant cockroaches
  14 hobgoblins
  5 jackals
  A quokka (D:4)
  6 ball pythons
  3 bats
  8 goblins
  7 kobolds
  4 rats
84 creatures vanquished.

Vanquished Creatures (collateral kills)
  A vampire mosquito (D:6)
1 creature vanquished.

Vanquished Creatures (others)
  A kobold (D:6)
  9 toadstools (D:5)
10 creatures vanquished.

Grand Total: 95 creatures vanquished

Notes
Turn   | Place    | Note
-------+----------+-------------------------------------------
     0 | D:1      | browni3141 the Gargoyle Venom Mage began the quest for the
                  | Orb.
     0 | D:1      | Reached XP level 1. HP: 10/10 MP: 3/3
    54 | D:1      | Reached skill level 1 in Fighting
   218 | D:1      | Reached XP level 2. HP: 17/17 MP: 1/5
   411 | D:1      | Found Cehojiho's Vocational Training.
   576 | D:1      | Reached XP level 3. HP: 19/22 MP: 0/6
  1007 | D:2      | Found an ornate altar of the Wu Jian Council.
  1220 | D:2      | Learned a level 2 spell: Poisonous Vapours
  1224 | D:2      | Learned a level 3 spell: Mephitic Cloud
  1491 | D:2      | Found Xogosipp's Distillery.
  2097 | D:3      | Reached XP level 4. HP: 27/27 MP: 4/7
  2280 | D:3      | Found Zinu's Antique Weapon Shop.
  2530 | D:3      | Reached skill level 4 in Poison Magic
  2929 | D:3      | Reached skill level 1 in Conjurations
  3036 | D:3      | Reached XP level 5. HP: 32/32 MP: 2/8
  3482 | D:4      | Reached skill level 5 in Poison Magic
  3482 | D:4      | Reached XP level 6. HP: 32/38 MP: 1/9
  3793 | D:4      | Found a staircase to the Ecumenical Temple.
  3810 | Temple   | Entered the Ecumenical Temple
  3810 | Temple   | Found a transporter.
  3810 | Temple   | Found a transporter.
  3880 | Temple   | Found a transporter.
  3880 | Temple   | Found a transporter.
  3892 | Temple   | Became a worshipper of Ashenzari the Shackled
  4195 | D:4      | Noticed Pikel
  4242 | D:4      | Killed Pikel
  4243 | D:4      | Reached skill level 6 in Poison Magic
  4243 | D:4      | Reached XP level 7. HP: 25/44 MP: 3/10
  4650 | D:5      | Entered Level 5 of the Dungeon
  4780 | D:5      | You fall into a shaft and drop 1 floor!
  4780 | D:6      | Found a bloodstained altar of Trog.
  4824 | D:6      | Reached skill level 5 in Fighting
  4824 | D:6      | Reached XP level 8. HP: 41/49 MP: 5/11
  4842 | D:6      | Reached skill level 7 in Poison Magic
  4971 | D:6      | Slain by a vampire mosquito

Illustrated notes

Levels and vault maps discovered:
D:1:      dpeg_chamrin_arrival_tetris, layout_rooms, nicolae_shop_vocational
D:2:      layout_basic, basic_altar, serial_shops, shop
D:3:      layout_loops_ring, serial_shops, shop, serial_aquarium,
          aquarium_bridge_square [aquarium_subvault_wall,
          aquarium_subvault_bridge, aquarium_subvault_window,
          aquarium_subvault_window], aquarium_window_1, aquarium_window_2,
          aquarium_window_corridor_1, aquarium_window_corner, aquarium_view_2d,
          aquarium_balcony_double_1, minmay_goblin_kobold_house
D:4:      layout_loops_ring, minmay_temple_entry_statues_fountains,
          kennysheep_small_circle, uniq_pikel
D:5:      cheibrodos_fertilizer, layout_basic, kennysheep_opposing_triangles
D:6:      kennysheep_slugbush, layout_loops_ring, overflow_temple_1_default,
          cheibrodos_worm_habitat, amcnicky_altar_gilded,
          amcnicky_mini_pool_small
Temple:   hellmonk_temple_divided_pantheon

Skill      XL: |  1  2  3  4  5  6  7  8 |
---------------+-------------------------+-----
Fighting       | 1 2 3 4 5 |  5.5
Poison Magic   | 4 5 6 7 |  7.0
Conjurations   | 1 2 3 4 |  4.1
Shields        | 2 |  2.2
Armour         | |  0.6
Dodging        | |  1.8
Stealth        | |  2.4
Spellcasting   | |  2.0
Transmutations | |  0.7
Air Magic      | |  0.4

Action                     |  1- 3 |  4- 6 |  7- 9 || total
---------------------------+-------+-------+-------++-------
  Melee: Unarmed           |     8 |    10 |       ||    18
         Dagger            |       |    17 |    35 ||    52
         Staff             |       |     4 |       ||     4
   Cast: Sting             |    65 |    74 |     5 ||   144
         Poisonous Vapours |       |     4 |       ||     4
         Mephitic Cloud    |       |     4 |     6 ||    10
    Use: Potion            |       |     1 |       ||     1
         Scroll            |       |       |     4 ||     4
   Stab: Confused          |       |       |     1 ||     1
 Armour: Robe              |    28 |    22 |    29 ||    79
  Dodge: Dodged            |    77 |    44 |    37 ||   158
  Block: Buckler           |       |     2 |    10 ||    12

Table legend: (Time is in decaauts)
 A = Elapsed time spent in this place.
 B = Non-inter-level travel time spent in this place.
 C = Inter-level travel time spent in this place.
 D = Time resting spent in this place.
 E = Time spent auto-exploring this place.
 F = Levels seen in this place.
 G = Mean time per level.
                   A        B        C        D        E       F      G
               +--------+--------+--------+--------+--------+-----+--------+
         Total |   4972 |   4736 |    236 |    162 |   3484 |   7 |  710.3 |
       Dungeon |   4877 |   4641 |    236 |    162 |   3413 |   6 |  812.8 |
        Temple |     95 |     95 |      0 |      0 |     71 |   1 |   95.0 |
               +--------+--------+--------+--------+--------+-----+--------+

Top non-repeatable levels by time:
     D:4: 1401 daAuts
     D:3: 1316 daAuts
     D:1: 976 daAuts
     D:2: 921 daAuts
     D:6: 193 daAuts
  Temple: 95 daAuts
     D:5: 68 daAuts
